 Dungeon Crawl Stone Soup version 0.19.1-1-g22dce08 (webtiles) character file.

95 esteth the Cudgeler (level 4, -2/28 HPs)
             Began as a Gargoyle Berserker on Jan 1, 2017.
             Was a Believer of Trog.
             Killed from afar by an orc wizard (7 damage)
             ... with a magic dart
             ... on level 3 of the Dungeon.
             The game lasted 00:04:09 (1981 turns).

esteth the Cudgeler (Gargoyle Berserker)            Turns: 1981, Time: 00:04:10

Health: -2/28      AC: 18    Str: 21    XL:     4   Next: 66%
Magic:  4/4        EV:  6    Int:  8    God:    Trog [**....]
Gold:   63         SH:  0    Dex:  9    Spells: 0 memorised, 3 levels left

rFire  . . .     SeeInvis .     a - +1 mace
rCold  . . .     Gourm    .     o - +1 plate armour
rNeg   + . .     Faith    .     (no shield)
rPois  ∞         Spirit   .     (no helmet)
rElec  +         Reflect  .     (no cloak)
rCorr  .         Harm     .     (no gloves)
MR     .....     Rnd*Tele +     (no boots)
Stlth  ..........               (no amulet)
                                q - +3 ring of protection
                                t - ring of teleportation (curse)

@: confused
A: negative energy resistance 1, electricity resistance, unbreathing,
petrification resistance, rot immunity, AC +3
a: Berserk, Trog's Hand, Burn Spellbooks, Renounce Religion


You were on level 3 of the Dungeon.
You worshipped Trog.
Trog was pleased with you.
You were hungry.

You visited 1 branch of the dungeon, and saw 3 of its levels.

You collected 63 gold pieces.

Inventory:

Hand Weapons
 a - a +1 mace (weapon)
Armour
 b - a +0 animal skin
 o - a +1 plate armour (worn)
Jewellery
 n - an uncursed ring of magical power
 q - a +3 ring of protection (right hand)
 t - a cursed ring of teleportation (left hand)
Scrolls
 d - a scroll of teleportation
 e - a scroll of random uselessness {unknown}
 g - a scroll of fear
 i - a scroll of amnesia
Potions
 h - a potion of lignification {unknown}
 j - 2 potions of curing
 s - a potion of heal wounds {unknown}
Comestibles
 c - 4 bread rations
 f - a royal jelly
 r - a meat ration


   Skills:
 - Level 3.2 Fighting
 + Level 5.0 Maces & Flails
 - Level 2.3 Armour
 - Level 1.8 Dodging


You had 3 spell levels left.
You didn't know any spells.

Dungeon Overview and Level Annotations

Branches:
Dungeon (3/15)

Altars:


Innate Abilities, Weirdness & Mutations

You are resistant to torment.
Your stone body is resilient. (AC +3)
You are immune to poison.
You resist negative energy. (rN+)
You are resistant to electric shocks. (rElec)
You can survive without breathing.
You are immune to petrification.
You are immune to rotting.


Message History

The orc is almost dead.
The orc hits you but does no damage. x2; Something hits you but does no damage.
You hit the orc.
You kill the orc!
Trog accepts your kill. The orc hits you but does no damage.
You hear some strange, mumbled words.
A magic dart appears from out of thin air!
The magic dart hits you! The orc hits you but does no damage.
Something hits you but does no damage. Something hits you but does no damage.
You hit the orc.
You kill the orc!
Trog accepts your kill.
You hear some strange, mumbled words.
You are confused.
You're too confused to move!
Something hits you but does no damage.
A magic dart appears from out of thin air!
The magic dart hits you!
You die...

#........... #
#.%........#
#.#...[.......
.####.#..........#
......#..........##
...................
........)..........
#..@......#
#...){.$..#
#.........#
#.######### #.# #.#
#.# #.# #.#


There were no monsters in sight!

Vanquished Creatures
  A crimson imp (D:3)
  An adder (D:2)
  2 worms (D:2)
  A dart slug (D:1)
  2 orcs (D:3)
  A giant cockroach (D:1)
  6 goblins
  8 hobgoblins
  3 kobolds (D:1)
  2 quokkas
  6 bats
  3 frilled lizards
  6 rats
42 creatures vanquished.

Notes
Turn   | Place    | Note
-------+----------+-------------------------------------------
     0 | D:1      | esteth the Gargoyle Berserker began the quest for the Orb.
     0 | D:1      | Reached XP level 1. HP: 14/14 MP: 1/1
   464 | D:1      | Reached XP level 2. HP: 16/19 MP: 2/2
   795 | D:1      | Reached XP level 3. HP: 23/23 MP: 3/3
  1193 | D:2      | Reached ** piety under Trog
  1323 | D:2      | Reached skill level 4 in Maces & Flails
  1877 | D:3      | Reached XP level 4. HP: 27/28 MP: 4/4
  1912 | D:3      | Reached skill level 5 in Maces & Flails
  1981 | D:3      | Killed from afar by an orc wizard

Skill      XL: |  1  2  3  4 |
---------------+-------------+-----
Maces & Flails | 4 5 |  5.0
Fighting       | |  3.2
Armour         | |  2.3
Dodging        | |  1.8

Action                   |  1- 3 |  4- 6 || total
-------------------------+-------+-------++-------
Melee: Mace              |   161 |    37 ||   198
  Use: Scroll            |     9 |       ||     9
  Eat: Chunk             |     3 |       ||     3
Armor: Animal skin       |    28 |       ||    28
       Plate armour      |    58 |    69 ||   127
Dodge: Dodged            |    85 |    26 ||   111
